 Dungeon Crawl Stone Soup version 0.31-a0-1144-g99969ba1bc (webtiles) character file.

Game seed: 15202401956129450001

112 graki42 the Shield-Bearer (level 4, -8/41 HPs)
             Began as a Minotaur Fighter on Dec 6, 2023.
             Killed from afar by an orc wizard (13 damage)
             ... with a puff of flame
             ... on level 4 of the Dungeon.
             The game lasted 00:04:15 (1824 turns).

graki42 the Shield-Bearer (Minotaur Fighter)        Turns: 1824, Time: 00:04:16

Health: -8/41      AC: 11    Str: 21    XL:     4   Next: 63%
Magic:  3/3        EV: 14    Int:  7    God:
Gold:   177        SH:  4    Dex:  9    Spells: 3/3 levels left

rFire   . . .        a - +0 war axe
rCold   . . .        c - +0 buckler
rNeg    . . .        b - +0 scale mail
rPois   .            (helmet restricted)
rElec   .            (no cloak)
rCorr   .            (no gloves)
SInv    .            (no boots)
Will    .....        x - amulet of the acrobat Stlth
                     i - +5 ring of evasion
HPRegen 0.26/turn    j - +4 ring of protection
MPRegen 0.08/turn

%: acrobat
@: no status effects
A: horns 2, retaliatory headbutt
a: no special abilities


You were on level 4 of the Dungeon.
You visited 1 branch of the dungeon, and saw 4 of its levels.

You collected 177 gold pieces.

Inventory:

Hand Weapons
 a - a +0 war axe (weapon)
Missiles
 s - 3 poisoned darts
Armour
 b - a +0 scale mail (worn)
 c - a +0 buckler (worn)
Jewellery
 i - a +5 ring of evasion (left hand)
 j - a +4 ring of protection (right hand)
 u - a ring of magical power
 v - a ring of fire
 x - an amulet of the acrobat (around neck)
Wands
 r - a wand of light (4)
Scrolls
 e - 2 scrolls of blinking {unknown}
 f - 3 scrolls of identify {unknown}
 g - 3 scrolls of teleportation {unknown}
 h - 2 scrolls of enchant armour {unknown}
 n - a scroll of amnesia {unknown}
 p - 2 scrolls of torment {unknown}
 t - a scroll of fog {unknown}
 w - a scroll of fear {unknown}
Potions
 d - a potion of might
 k - a potion of heal wounds {unknown}
 l - a potion of mutation {unknown}
 m - a potion of haste {unknown}
 o - a potion of degeneration {unknown}
 q - a potion of curing {unknown}


   Skills:
 + Level 4.5 Fighting
 + Level 3.5 Axes
 + Level 4.5 Armour
 + Level 4.6 Shields


You had 3 spell levels left.
You didn't know any spells.
Your spell library was empty.

Dungeon Overview and Level Annotations

Branches:
Dungeon (4/15)
 Temple: D:4-7

Altars:


Innate Abilities, Weirdness & Mutations

You have a pair of horns on your head.
You reflexively headbutt those who attack you in melee.


Message History

You hit the orc but do no damage. You headbutt the orc.
The orc is moderately wounded.
You hit something. You closely miss the orc wizard.
Something completely misses you.
You slash the orc wizard!
You kill the orc wizard!
You barely miss the orc. You slash the orc priest!
You hit something but do no damage. Something hits you but does no damage.
A gnoll comes into view. It is wielding a +0 flail.
The orc priest hits you but does no damage.
The orc barely misses you. You furiously retaliate!
You headbutt the orc!
You kill the orc!
Something hits you but does no damage.
The orc priest casts a cantrip, but nothing happens.
You closely miss the orc priest.
The orc priest is heavily wounded.
You hit the orc. You barely miss the orc. You barely miss something.
Something hits you but does no damage. The orc misses you.
The orc completely misses you.
The orc priest hits you with a +0 hand axe.
You closely miss the orc priest.
The orc priest is heavily wounded.
You hit the orc but do no damage. You hit the orc. You miss something.
Something barely misses you. You block the gnoll's attack.
The orc hits you with a +0 dagger. The orc hits you but does no damage.
The orc priest mumbles some strange prayers to Beogh against you.
Pain shoots through your body!
* * * LOW HITPOINT WARNING * * *
Unknown command.
You hit the orc.
You kill the orc!
You hit the orc.
You kill the orc!
You slash the orc priest!
You kill the orc priest!
You miss something.
You hear some strange, mumbled words.
A puff of flame appears from out of thin air!
The puff of flame hits you!
You die...

##....###.###
.#..#..##..#..
#...............
#............... #
###........####.. #.
###...........# ##.
###..#....#..[..#.## ##
#...og){..##...##.######
#...g.S@....#.....[..##.
#...##)....##....##.....
. ##....###....##...#
#................#
#........####....#
...........### #....#
.........#...# ######
..###.....#...# #
#....#...#.#


You could see an orc wizard, 2 gnolls and an adder.

Vanquished Creatures
  An orc priest (D:4)
  An orc wizard (D:4)
  2 adders
  A worm (D:4)
  2 dart slugs (D:1)
  4 orcs (D:4)
  6 ball pythons
  3 endoplasms
  8 giant cockroaches
  6 goblins
  2 hobgoblins
  6 jackals
  2 kobolds (D:2)
  4 quokkas
  6 bats
  4 rats
58 creatures vanquished.

Notes
Turn   | Place    | Note
-------+----------+-------------------------------------------
     0 | D:1      | graki42 the Minotaur Fighter began the quest for the Orb.
     0 | D:1      | Reached XP level 1. HP: 19/19 MP: 0/0
   213 | D:1      | Reached XP level 2. HP: 27/27 MP: 1/1
   507 | D:1      | Reached XP level 3. HP: 31/33 MP: 2/2
  1209 | D:3      | Reached XP level 4. HP: 39/40 MP: 3/3
  1824 | D:4      | Killed from afar by an orc wizard

Illustrated notes

Levels and vault maps discovered:
D:1:      lightli_arrival_maybe_door_vault, layout_basic
D:2:      layout_rooms
D:3:      layout_loops_cross
D:4:      layout_cave_pools, mainiacjoe_overflow_large_starburst,
          minmay_temple_entry_mini_moons, serial_library_hellmonk_open_cross

Skill      XL: |  1  2 |
---------------+-------+-----
Armour         | 4 |  4.5
Shields        | 4 |  4.6
Fighting       | 4 |  4.5
Axes           | 3 |  3.5

Action                     |  1- 3 |  4- 6 || total
---------------------------+-------+-------++-------
  Melee: War axe           |    75 |    20 ||    95
         Headbutt          |     5 |     2 ||     7
 Armour: Scale mail        |    41 |    17 ||    58
  Dodge: Dodged            |    47 |    19 ||    66
  Block: Buckler           |    19 |     3 ||    22

Table legend: (Time is in decaauts)
 A = Elapsed time spent in this place.
 B = Non-inter-level travel time spent in this place.
 C = Inter-level travel time spent in this place.
 D = Time resting spent in this place.
 E = Time spent auto-exploring this place.
 F = Levels seen in this place.
 G = Mean time per level.
                   A        B        C        D        E       F      G
               +--------+--------+--------+--------+--------+-----+--------+
         Total |   1858 |   1774 |     84 |      0 |   1477 |   4 |  464.5 |
       Dungeon |   1858 |   1774 |     84 |      0 |   1477 |   4 |  464.5 |
               +--------+--------+--------+--------+--------+-----+--------+

Top non-repeatable levels by time:
     D:1: 643 daAuts
     D:3: 584 daAuts
     D:2: 508 daAuts
     D:4: 121 daAuts
